 Dungeon Crawl Stone Soup version 0.30-a0-586-g23e55c9e0a (webtiles) character file.

Game seed: 13509813952741179265

5144 wormed the Cruncher (level 10, -4/79 HPs)
             Began as a Gnoll Wanderer on Jan 4, 2023.
             Was a High Priest of Cheibriados.
             Killed from afar by an electric eel (9 damage)
             ... with a bolt of electricity
             ... in a bailey.
             The game lasted 00:14:37 (7203 turns).

wormed the Cruncher (Gnoll Wanderer)                Turns: 7203, Time: 00:14:37

Health: -4/79      AC:  9    Str: 23    XL:     10   Next: 58%
Magic:  18/18      EV: 17    Int: 28    God:    Cheibriados [*****.]
Gold:   994        SH:  0    Dex: 27    Spells: 20/20 levels left

rFire   . . .      SeeInvis +    a - +2 quarterstaff
rCold   . . .      Faith    +    (shield currently unavailable)
rNeg    . . .      Spirit   .    v - +2 troll leather armour {Pargi}
rPois   .          Reflect  .    (no helmet)
rElec   .          Harm     .    c - +0 cloak
rCorr   .          Rampage  .    j - +0 pair of gloves
Will    .....                    (no boots)
Stlth   ++++                     i - amulet "Doblo" {Faith Regen+ Int+3 SInv}
HPRegen 1.93/turn                (no ring)
MPRegen 0.16/turn                (no ring)

@: very slow
A: fangs 1, strong nose, distributed training
a: Renounce Religion, Bend Time, Temporal Distortion, Slouch, Step From Time


You were in a bailey.
You worshipped Cheibriados.
Cheibriados was extremely pleased with you.
You visited 1 branch of the dungeon, and saw 8 of its levels.
You also visited: Bailey.

You collected 994 gold pieces.

Inventory:

Hand Weapons
 a - a +2 quarterstaff (weapon)
Missiles
 b - a throwing net
 f - a curare-tipped dart
 r - 2 javelins
Armour
 c - a +0 cloak (worn)
 j - a +0 pair of gloves (worn)
 v - a +2 troll leather armour (worn) {Pargi}
Jewellery
 i - the amulet "Doblo" (around neck) {Faith Regen+ Int+3 SInv}
   (You acquired it in a bailey)

   [amulet of faith]

   It allows you to gain divine favour quickly.
   Int:       It affects your intelligence (+3).
   SInv:      It lets you see invisible.
   Regen:     It increases your rate of health regeneration.
 s - a ring of fire
Wands
 y - a wand of roots (4) (quivered)
 C - a wand of polymorph (6)
Scrolls
 o - a scroll of blinking
 q - 2 scrolls of amnesia
 u - a scroll of immolation
 A - a scroll of enchant weapon {unknown}
 B - a scroll of fog
Potions
 d - 5 potions of brilliance
 g - a potion of mutation
 k - 4 potions of degeneration
 l - 3 potions of lignification
 m - 4 potions of curing
 n - 5 potions of attraction
 p - 2 potions of resistance
 t - a potion of ambrosia {unknown}
 x - a potion of flight {unknown}
 z - 2 potions of might {unknown}


   Skills:
 + Level 7.3 Fighting
 + Level 5.6 Short Blades
 + Level 5.6 Long Blades
 + Level 5.6 Axes
 + Level 5.6 Maces & Flails
 + Level 6.2 Polearms
 + Level 8.7 Staves
 + Level 5.6 Ranged Weapons
 + Level 5.6 Throwing
 + Level 6.2 Armour
 + Level 6.2 Dodging
 + Level 6.1 Stealth
 + Level 5.6 Shields
 + Level 5.6 Unarmed Combat
 + Level 5.6 Spellcasting
 + Level 4.6 Conjurations
 + Level 4.6 Hexes
 + Level 4.6 Summonings
 + Level 4.6 Necromancy
 + Level 4.6 Translocations
 + Level 4.6 Transmutations
 + Level 4.6 Fire Magic
 + Level 4.6 Ice Magic
 + Level 4.6 Air Magic
 + Level 4.6 Earth Magic
 + Level 4.6 Poison Magic
 + Level 6.7 Invocations
 + Level 5.6 Evocations


You had 20 spell levels left.
You didn't know any spells.
Your spell library contained the following spells:

 Spells                   Type           Power      Damage    Failure   Level
 Magic Dart               Conj           100%       1d8       1%          1
 Call Imp                 Summ           34%        N/A       1%          2
 Mephitic Cloud           Conj/Pois/Air  34%        N/A       3%          3
 Blade Hands              Tmut           17%        N/A       28%         5
 Irradiate                Conj/Tmut      17%        3d17      28%         5
 Dragon Form              Tmut           17%        N/A       100%        7


Dungeon Overview and Level Annotations

Branches:
Dungeon (10/15)            Temple (0/1) D:6          Bailey (1/1)
   Lair: D:8-11         Orc: D:9-12

Altars:
Ashenzari
Cheibriados
Gozag
Nemelex Xobeh
Sif Muna

Shops:
D:5 (

Annotations:
D:5 4 transporters, PyroL's ghost, novice OpTm


Innate Abilities, Weirdness & Mutations

You have very sharp teeth.
Your uncanny sense of smell can sniff out nearby items.
Your experience applies equally to all skills.


Message History

The bolt of electricity misses you.
Things that are here:
a +0 war axe; a goblin corpse The electric eel shoots out a bolt of lightning at you!
The bolt of electricity hits you!
There is an open door here.
You miss the electric eel.
The electric eel shoots out a bolt of lightning at you!
The bolt of electricity hits you!
You sock the electric eel! Your bite misses the electric eel.
The electric eel is severely wounded.
The electric eel shoots out a bolt of lightning at you!
The bolt of electricity hits you!
You sock the electric eel!
You kill the electric eel!
Cheibriados appreciates the change of pace.
The electric eel shoots out a bolt of lightning at you!
The bolt of electricity hits you! The bolt of electricity misses you.
You enter the shallow water.
Moving in this stuff is going to be slow.
The electric eel shoots out a bolt of lightning at you!
The bolt of electricity hits you! x2
* * * LOW HITPOINT WARNING * * *
The bolt of electricity hits the electric eel.
The electric eel completely resists.
An electric eel comes into view.
The electric eel shoots out a bolt of lightning at you!
The bolt of electricity misses you. x2
The electric eel shoots out a bolt of lightning at you!
The bolt of electricity hits you!
* * * LOW HITPOINT WARNING * * *
The bolt of electricity hits you.
* * * LOW HITPOINT WARNING * * *
There is an open door here.
The electric eel shoots out a bolt of lightning at you!
The bolt of electricity hits you!
* * * LOW HITPOINT WARNING * * *
The electric eel shoots out a bolt of lightning at you!
The bolt of electricity hits you!
You die...

≈≈≈≈≈≈≈~.#..# #.
≈≈≈≈≈≈≈~.##'# #)
≈≈≈≈≈≈≈~.#..# #.
≈≈≈≈≈≈≈~.#..# ∆∆#.
≈≈≈≈≈≈≈~.#..# #..g# ∆∆#)
≈≈≈≈≈≈≈~.#..## #8.8# ##.
≈≈≈≈≈≈S~.#[.#. #...# o#)
≈≈≈≈≈≈≈#'#'##'###8.8###'##
≈≈≈≈≈≈≈#.@..#??o#...#.[[#.
S≈≈≈≈≈≈#..).#!?.#...#.[[#.
≈≈≈≈≈≈≈###..######.######.
≈≈≈≈≈≈≈ ∆+........∩....)).
≈≈≈≈≈≈≈ ####~~~~~~~~~~~##
≈≈≈≈≈≈≈ ≈≈≈≈≈≈≈≈≈≈≈≈≈≈≈≈≈
≈≈≈≈≈≈≈≈≈≈≈≈≈≈≈≈≈≈
≈≈≈≈≈≈≈≈≈≈≈≈≈≈≈≈≈≈≈
≈≈≈≈≈≈≈≈≈≈≈≈≈≈≈≈≈≈≈


You could see an electric eel.

Vanquished Creatures
  Pikel (D:7)
  An orc sorcerer (Bailey)
  A tengu conjurer (D:10)
  Grinder (D:3)
  A yak (D:10)
  Eustachio (D:4)
  2 steam dragons
  2 water moccasins
  Duvessa (D:5)
  10 orc warriors
  2 ice beasts (D:5)
  A black bear (D:5)
  Pargi (D:3)
  2 centaurs (D:7)
  2 ogres
  A phantom (D:5)
  A lemure (D:7)
  A necrophage (D:6)
  A scorpion (D:6)
  Dowan (D:5)
  5 electric eels
  4 howler monkeys
  3 jellies
  A gnoll bouda (D:3)
  3 hounds
  2 orc priests
  3 iguanas
  7 orc wizards
  10 gnolls
  8 adders
  A white imp (D:7)
  An ufetubus (D:6)
  A worm (D:3)
  7 dart slugs (D:6)
  37 orcs
  5 ball pythons
  5 bats
  6 endoplasms
  3 giant cockroaches (D:1)
  20 goblins
  9 hobgoblins
  2 jackals (D:1)
  3 quokkas (D:1)
  2 frilled lizards
  2 kobolds
  4 rats
188 creatures vanquished.

Vanquished Creatures (others)
  10 fungi (D:6)
10 creatures vanquished.

Grand Total: 198 creatures vanquished

Notes
Turn   | Place    | Note
-------+----------+-------------------------------------------
     0 | D:1      | wormed the Gnoll Wanderer began the quest for the Orb.
     0 | D:1      | wormed set off with the following items: a +2 quarterstaff,
                  | a +0 spear, a +0 cloak, a potion of brilliance, a +0 robe.
     0 | D:1      | Reached XP level 1. HP: 20/20 MP: 2/2
   273 | D:1      | Reached XP level 2. HP: 26/26 MP: 3/3
   633 | D:1      | Reached XP level 3. HP: 31/31 MP: 4/4
  1025 | D:2      | Reached skill level 1 in Short Blades
  1025 | D:2      | Reached skill level 1 in Long Blades
  1025 | D:2      | Reached skill level 1 in Axes
  1025 | D:2      | Reached skill level 1 in Maces & Flails
  1025 | D:2      | Reached skill level 1 in Ranged Weapons
  1025 | D:2      | Reached skill level 1 in Throwing
  1025 | D:2      | Reached skill level 1 in Shields
  1025 | D:2      | Reached skill level 1 in Unarmed Combat
  1025 | D:2      | Reached skill level 1 in Spellcasting
  1025 | D:2      | Reached skill level 1 in Evocations
  1131 | D:2      | Reached XP level 4. HP: 34/38 MP: 6/6
  1538 | D:3      | Reached skill level 1 in Conjurations
  1538 | D:3      | Reached skill level 1 in Hexes
  1538 | D:3      | Reached skill level 1 in Summonings
  1538 | D:3      | Reached skill level 1 in Necromancy
  1538 | D:3      | Reached skill level 1 in Translocations
  1538 | D:3      | Reached skill level 1 in Transmutations
  1538 | D:3      | Reached skill level 1 in Fire Magic
  1538 | D:3      | Reached skill level 1 in Ice Magic
  1538 | D:3      | Reached skill level 1 in Air Magic
  1538 | D:3      | Reached skill level 1 in Earth Magic
  1538 | D:3      | Reached skill level 1 in Poison Magic
  1708 | D:3      | Noticed Pargi
  1720 | D:3      | Killed Pargi
  1721 | D:3      | Reached XP level 5. HP: 35/43 MP: 7/7
  1815 | D:3      | Found a faded altar of an unknown god.
  1861 | D:3      | Prayed at the altar of an unknown god.
  1861 | D:3      | Became a worshipper of Cheibriados the Contemplative
  1861 | D:3      | Reached * piety under Cheibriados
  2020 | D:3      | Found a sparkling altar of Nemelex Xobeh.
  2359 | D:3      | Noticed Grinder
  2373 | D:3      | Killed Grinder
  2374 | D:3      | Reached skill level 5 in Fighting
  2374 | D:3      | Reached XP level 6. HP: 51/51 MP: 7/9
  2487 | D:4      | Reached ** piety under Cheibriados
  2497 | D:4      | Reached skill level 7 in Staves
  2497 | D:4      | Reached XP level 7. HP: 49/56 MP: 10/10
  2574 | D:3      | Identified a scroll of acquirement
  2574 | D:3      | Acquired 584 gold pieces
  3037 | D:4      | Noticed Eustachio
  3049 | D:4      | Killed Eustachio
  3358 | D:4      | Found a shimmering blue altar of Sif Muna.
  3525 | D:5      | Entered Level 5 of the Dungeon
  3575 | D:5      | Found Zapry's Antique Weapon Emporium.
  3591 | D:5      | Reached XP level 8. HP: 63/63 MP: 12/12
  3646 | D:5      | Reached *** piety under Cheibriados
  3682 | D:5      | Found a transporter.
  3685 | D:5      | Found a transporter.
  3705 | D:5      | Found a transporter.
  3706 | D:5      | Noticed PyroL's ghost (novice OpTm)
  3707 | D:5      | Found a transporter.
  3825 | D:5      | Noticed Duvessa
  3828 | D:5      | Noticed Dowan
  3843 | D:5      | Killed Duvessa
  3849 | D:5      | Killed Dowan
  3996 | D:5      | Reached skill level 5 in Invocations
  4504 | D:6      | Reached XP level 9. HP: 69/69 MP: 14/14
  4635 | D:6      | Reached **** piety under Cheibriados
  4636 | D:6      | Reached skill level 5 in Polearms
  4636 | D:6      | Reached skill level 5 in Armour
  4636 | D:6      | Reached skill level 5 in Dodging
  4722 | D:6      | Reached skill level 5 in Stealth
  4811 | D:6      | Reached skill level 8 in Staves
  4834 | D:6      | Found a staircase to the Ecumenical Temple.
  4870 | D:6      | Found a broken altar of Ashenzari.
  5279 | D:6      | Identified the +2 mace "Orb Guardian's Peril" {flame,
                  | Int+2}
  5661 | D:7      | Noticed Pikel
  5675 | D:7      | Killed Pikel
  5690 | D:7      | HP: 2/71 [centaur/arrow (10)]
  5874 | D:7      | Reached ***** piety under Cheibriados
  5921 | D:7      | Reached skill level 5 in Short Blades
  5921 | D:7      | Reached skill level 5 in Long Blades
  5921 | D:7      | Reached skill level 5 in Axes
  5921 | D:7      | Reached skill level 5 in Maces & Flails
  5921 | D:7      | Reached skill level 5 in Ranged Weapons
  5921 | D:7      | Reached skill level 5 in Throwing
  5921 | D:7      | Reached skill level 5 in Shields
  5921 | D:7      | Reached skill level 5 in Unarmed Combat
  5921 | D:7      | Reached skill level 5 in Spellcasting
  5921 | D:7      | Reached skill level 5 in Evocations
  6058 | D:7      | Found an opulent altar of Gozag.
  6092 | D:7      | Reached XP level 10. HP: 59/77 MP: 10/17
  6467 | D:7      | You fall into a shaft and drop 3 floors!
  6467 | D:10     | Entered Level 10 of the Dungeon
  6628 | D:10     | Found a flagged portal.
  6647 | Bailey   | Entered a bailey
  6855 | Bailey   | Noticed an orc sorcerer
  6860 | Bailey   | Noticed a sixfirhy
  6860 | Bailey   | Killed an orc sorcerer
  6911 | Bailey   | Noticed an orc sorcerer
  7030 | Bailey   | Acquired the amulet "Doblo" {Faith Regen+ Int+3 SInv}
  7203 | Bailey   | Killed from afar by an electric eel

Illustrated notes

Levels and vault maps discovered:
D:1:      minmay_arrival_cross, layout_loops_corners
D:2:      layout_loops_cross
D:3:      cheibrodos_old_hovel, layout_loops_corners, nemelex_dance_club_becter,
          hellmonk_ecumenical_altar_lost_god, hangedman_decor_growths,
          nicolae_kite_square_tiling_tiny, nrook_loot_triangle, uniq_pargi,
          uniq_grinder
D:4:      layout_basic, kennysheep_orc_sif_temple, uniq_eustachio
D:5:      gammafunk_wand_slinger, layout_loops_ring, serial_shops, shop,
          gammafunk_ghost_smash, dk_noncrumbling_3, uniq_duvessa
D:6:      kennysheep_slugbush, layout_rooms, ashenzari_altar_1,
          minmay_temple_entry_arrows, serial_aquarium,
          aquarium_bridge_island_small [aquarium_subvault_small_water,
          aquarium_subvault_bridge, aquarium_subvault_wall,
          aquarium_subvault_bridge, aquarium_subvault_bridge],
          aquarium_bridge_straight [aquarium_subvault_bridge,
          aquarium_subvault_wall, aquarium_subvault_bridge,
          aquarium_subvault_window], aquarium_window_fake, aquarium_window_3,
          aquarium_window_fake, aquarium_window_1, aquarium_view_2d,
          aquarium_view_2e
D:7:      layout_layer_cave, nicolae_overflow_hidden_temple, uniq_pikel
D:10:     minmay_the_grid_triangle_9x9_rhombus_thin
          [minmay_the_grid_triangle_9x9_checkered,
          minmay_the_grid_triangle_9x9_prize_special,
          minmay_the_grid_triangle_9x9_semitri,
          minmay_the_grid_triangle_9x9_skeleton], layout_grid_maze,
          david_lair_generic, orc_0_dummy, enter_bailey_5
Bailey:   bailey_axe_of_yendor_kennysheep, bailey

Skill      XL: |  1  2  3  4  5  6  7  8  9 10 |
---------------+-------------------------------+-----
Short Blades   | 1 2 3 5 |  5.6
Long Blades    | 1 2 3 5 |  5.6
Axes           | 1 2 3 5 |  5.6
Maces & Flails | 1 2 3 5 |  5.6
Ranged Weapons | 1 2 3 5 |  5.6
Throwing       | 1 2 3 5 |  5.6
Shields        | 1 2 3 5 |  5.6
Unarmed Combat | 1 2 3 5 |  5.6
Spellcasting   | 1 2 3 5 |  5.6
Evocations     | 1 2 3 5 |  5.6
Conjurations   | 1 2 3 4 |  4.6
Hexes          | 1 2 3 4 |  4.6
Summonings     | 1 2 3 4 |  4.6
Necromancy     | 1 2 3 4 |  4.6
Translocations | 1 2 3 4 |  4.6
Transmutations | 1 2 3 4 |  4.6
Fire Magic     | 1 2 3 4 |  4.6
Ice Magic      | 1 2 3 4 |  4.6
Air Magic      | 1 2 3 4 |  4.6
Earth Magic    | 1 2 3 4 |  4.6
Poison Magic   | 1 2 3 4 |  4.6
Polearms       | 3 4 5 6 |  6.2
Armour         | 3 4 5 6 |  6.2
Dodging        | 3 4 5 6 |  6.2
Invocations    | 3 4 5 6 |  6.7
Fighting       | 5 6 7 |  7.3
Stealth        | 3 4 5 6 |  6.1
Staves         | 7 8 |  8.7

Action                   |  1- 3 |  4- 6 |  7- 9 | 10-12 || total
-------------------------+-------+-------+-------+-------++-------
Melee: Quarterstaff      |    63 |    84 |   338 |   109 ||   594
       Bite              |     3 |     4 |    47 |    18 ||    72
Throw: Dart              |       |     5 |    17 |    13 ||    35
       Javelin           |       |     2 |     8 |       ||    10
       Throwing net      |       |       |     1 |     1 ||     2
Evoke: Wand              |       |       |       |     6 ||     6
  Use: Scroll            |       |       |    18 |     4 ||    22
       Potion            |       |       |     4 |     1 ||     5
 Stab: Sleeping          |    10 |     2 |     4 |     1 ||    17
       Distracted        |       |     1 |       |     1 ||     2
Armor: Robe              |     9 |       |       |       ||     9
       Leather armour    |     4 |     9 |       |       ||    13
       Troll leather arm |       |    18 |   110 |    22 ||   150
Dodge: Dodged            |    42 |    53 |   290 |    85 ||   470

Table legend: (Time is in decaauts)
 A = Elapsed time spent in this place.
 B = Non-inter-level travel time spent in this place.
 C = Inter-level travel time spent in this place.
 D = Time resting spent in this place.
 E = Time spent auto-exploring this place.
 F = Levels seen in this place.
 G = Mean time per level.
                   A        B        C        D        E       F      G
               +--------+--------+--------+--------+--------+-----+--------+
         Total |   9693 |   9096 |    597 |     77 |   7072 |   9 | 1077.0 |
       Dungeon |   8887 |   8290 |    597 |     33 |   6720 |   8 | 1110.9 |
        Bailey |    806 |    806 |      0 |     44 |    351 |   1 |  806.0 |
               +--------+--------+--------+--------+--------+-----+--------+

Top non-repeatable levels by time:
     D:7: 1646 daAuts
     D:6: 1468 daAuts
     D:5: 1386 daAuts
     D:4: 1361 daAuts
     D:3: 1341 daAuts
     D:1: 841 daAuts
  Bailey: 806 daAuts
     D:2: 637 daAuts
    D:10: 203 daAuts
